 Dungeon Crawl Stone Soup version 0.25-a0-426-g7d9e569eea (webtiles) character file.

Game seed: 3330147276674865812, levelgen mode: deterministic

765 BeastOfSaturn the Covered (level 7, -3/56 HPs)
             Began as a Minotaur Skald on Jan 25, 2020.
             Killed from afar by an oklob plant (13 damage)
             ... with a splash of acid
             ... on level 5 of the Dungeon.
             The game lasted 00:16:04 (4872 turns).

BeastOfSaturn the Covered (Minotaur Skald)          Turns: 4872, Time: 00:16:05

Health: -3/56      AC:  3    Str: 15    XL:     7   Next: 52%
Magic:  8/8        EV: 12    Int: 12    God:
Gold:   247        SH:  0    Dex: 10    Spells: 6/9 levels left

rFire    . . .     SeeInvis +   s - +0 flail (protect)
rCold    . . .     Gourm    .   (no shield)
rNeg     . . .     Faith    .   h - +0 ring mail
rPois    .         Spirit   .   (helmet restricted)
rElec    .         Reflect  .   (no cloak)
rCorr    .         Harm     .   (no gloves)
MR       .....                  k - +0 pair of boots
Stlth    +.........             (no amulet)
HPRegen  0.18/turn              o - ring of see invisible
MPRegen  0.11/turn              (no ring)

@: corroded
A: retaliatory headbutt, horns 2
a: no special abilities


You were on level 5 of the Dungeon.
You were not hungry.

You visited 1 branch of the dungeon, and saw 5 of its levels.

You collected 247 gold pieces.

Inventory:

Hand Weapons
 a - a +0 hand axe
 s - a +0 flail of protection (weapon)
 u - a +0 war axe
Armour
 h - a +0 ring mail (worn)
 k - a +0 pair of boots (worn)
 w - a -2 pair of gloves
 z - a +0 plate armour
Jewellery
 o - a ring of see invisible (left hand)
Scrolls
 c - 6 scrolls of identify
 f - 2 scrolls of remove curse
 g - 2 scrolls of fear {unknown}
 l - 2 scrolls of teleportation {unknown}
 m - 3 scrolls of blinking {unknown}
 q - a scroll of immolation {unknown}
 x - 2 scrolls of enchant weapon {unknown}
 y - a scroll of amnesia {unknown}
Potions
 e - a potion of might {unknown}
 i - 3 potions of curing
 j - a potion of brilliance {unknown}
 n - 3 potions of heal wounds {unknown}
 p - a potion of ambrosia {unknown}
 r - 2 potions of degeneration {unknown}
 t - 2 potions of haste {unknown}
 v - a potion of agility {unknown}
 A - a potion of invisibility {unknown}
Comestibles
 d - 4 rations


   Skills:
 - Level 2.4 Fighting
 + Level 3.5(4.8) Axes
 + Level 5.0(5.5) Maces & Flails
 * Level 6.2 Armour
 + Level 3.7 Dodging
 - Level 0.5 Stealth
 + Level 1.9 Spellcasting
 + Level 2.6 Charms


You had 6 spell levels left.
You knew the following spells:

 Your Spells              Type           Power        Failure   Level  Hunger
a - Infusion              Chrm           #...         17%         1    ##.....
b - Song of Slaying       Chrm           #.......     26%         2    ###....

Your spell library contained the following spells:

 Spells                   Type           Power        Failure   Level  Hunger
 Shroud of Golubria       Chrm/Tloc      #.....       41%         2    ###....
 Magic Dart               Conj           #...         45%         1    ##.....
 Searing Ray              Conj           #.....       58%         2    ###....
 Ozocubu's Armour         Chrm/Ice       #.......     65%         3    ####...
 Spectral Weapon          Hex/Chrm       #.......     65%         3    ####...
 Dazzling Flash           Conj/Hex       #.....       83%         3    ####...
 Fulminant Prism          Conj/Hex       #.........   99%         4    #####..
 Iskenderun's Mystic Bla  Conj/Tloc      #.......     99%         4    #####..


Dungeon Overview and Level Annotations

Branches:
Dungeon (5/15)
 Temple: D:4-7

Altars:
Fedhas
Uskayaw
Xom

Shops:
D:5 %

Annotations:
D:4 2 transporters, anet's ghost, amateur DEWz
D:5 exclusion: oklob plant


Innate Abilities, Weirdness & Mutations

You reflexively headbutt those who attack you in melee.
You have a pair of horns on your head.


Message History

The plant is severely damaged.
You hit the plant.
You headbutt the plant, but do no damage.
The plant is almost destroyed.
You hit the plant but do no damage.
The plant is almost destroyed.
You hit the plant.
The plant is almost destroyed.
You hit the plant. You headbutt the plant.
You destroy the plant!
You see here a ration.
The oklob plant spits acid at you. The splash of acid hits you!
You are splashed with acid!
The oklob plant spits acid at you. The splash of acid hits you.
The acid corrodes you!
You are splashed with acid!
* * * LOW HITPOINT WARNING * * *
You see here a ration.
The oklob plant spits acid at you. The splash of acid hits you!
You die...

............# #..#...........
............# #>.#...........
.........[..# #..#.......(...
....#######################.#.###
....#♣#PP.PPPP.P.P♣#PPPP#.#.#.#..
....#..♣PPPPPP.PPPPPPP.PPP#.#.#.#
....#PPPPP..P♣PPP#PP%.%%P.#.#.#.#
....#PP ♣PPP#PP#PP..PPP.%P#+#'#'#
..###PP ##P#....@..#PPPPPP#......
<.'.#..♣#PP..≈≈.≈≈..♣PPP♣##......
..#.#PPPPP..≈≈≈.≈≈≈.....PP#......
..#.##PP#..≈≈≈≈.≈≈≈≈..PP.P#......
..#.#PPPP.≈≈≈≈≈.≈≈≈≈≈..P#P#......
....#PP.P.≈≈≈≈...≈≈≈≈.♣.♣P#......
....##♣.♣.≈≈≈≈._.≈≈≈≈.♣.PP#......
....#P.PP.≈≈≈≈...≈≈≈≈.P#PP#......
....#PPP♣.≈≈≈≈≈≈≈≈≈≈≈.PPP##......


You could see an oklob plant.

Vanquished Creatures
  A water moccasin zombie (D:5)
  2 howler monkeys
  A jelly (D:5)
  2 centaur zombies
  2 crimson imps (D:5)
  A bullfrog zombie (D:4)
  5 orc priests
  A bullfrog skeleton (D:4)
  An orc wizard (D:5)
  A worker ant (D:4)
  A hound zombie (D:4)
  5 adders
  2 oozes
  2 adder zombies (D:4)
  3 worms
  2 dart slugs
  6 leopard geckos
  27 orcs
  4 giant cockroaches
  5 goblins
  9 hobgoblins
  9 jackals
  4 quokkas
  2 bats (D:2)
  3 frilled lizards
  5 kobolds
  2 quokka skeletons
  3 rats
  2 plants (D:5)
113 creatures vanquished.

Notes
Turn   | Place    | Note
-------+----------+-------------------------------------------
     0 | D:1      | BeastOfSaturn the Minotaur Skald began the quest for the
                  | Orb.
     0 | D:1      | Reached XP level 1. HP: 18/18 MP: 1/1
   309 | D:1      | Reached XP level 2. HP: 25/25 MP: 3/3
   682 | D:2      | Learned a level 2 spell: Song of Slaying
   701 | D:2      | Reached skill level 2 in Armour
   787 | D:2      | Reached XP level 3. HP: 27/30 MP: 4/4
  1467 | D:3      | Reached XP level 4. HP: 18/37 MP: 2/5
  2135 | D:3      | Reached skill level 3 in Armour
  2228 | D:3      | Reached XP level 5. HP: 42/42 MP: 3/6
  2490 | D:3      | Reached skill level 4 in Armour
  2621 | D:3      | Reached skill level 1 in Maces & Flails
  2640 | D:4      | Noticed a hungry ghost
  2933 | D:4      | Reached XP level 6. HP: 34/50 MP: 7/7
  3197 | D:4      | Reached skill level 5 in Armour
  3712 | D:4      | Found a transporter.
  3712 | D:4      | Noticed anet's ghost (amateur DEWz)
  3758 | D:4      | Found a transporter.
  3979 | D:5      | Entered Level 5 of the Dungeon
  4017 | D:5      | Reached XP level 7. HP: 55/56 MP: 8/8
  4163 | D:5      | Found Vehacefa's Food Emporium.
  4178 | D:5      | Reached skill level 6 in Armour
  4303 | D:5      | Found a hide-covered altar of Uskayaw.
  4306 | D:5      | Found a shimmering altar of Xom.
  4315 | D:5      | Reached skill level 5 in Maces & Flails
  4588 | D:5      | Found a blossoming altar of Fedhas.
  4599 | D:5      | Noticed an oklob plant
  4872 | D:5      | Killed from afar by an oklob plant

Levels and vault maps discovered:
D:1:      sevenhm_arrival_forest_fort_small_4, layout_loops_cross
D:2:      layout_loops_ring
D:3:      layout_basic, hangedman_decor_lopped
D:4:      minmay_chambers_of_fours, layout_cave_pools, serial_undead,
          serial_undead_e, serial_undead_e, serial_undead_e, serial_undead_a,
          gammafunk_ghost_mausoleum
D:5:      layout_basic, tgw_fedhas, nicolae_overflow_hidden_temple,
          serial_shops, shop, first_ration

Skill      XL: |  1  2  3  4  5  6  7 |
---------------+----------------------+-----
Armour         | 2 3 4 5 6 |  6.2
Axes           | 3 |  3.5
Maces & Flails | 2 3 5 |  5.0
Dodging        | 3 |  3.7
Fighting       | |  2.4
Stealth        | |  0.5
Spellcasting   | |  1.9
Charms         | |  2.6

Action                   |  1- 3 |  4- 6 |  7- 9 || total
-------------------------+-------+-------+-------++-------
Melee: Hand axe          |    85 |    33 |       ||   118
       Headbutt          |     7 |    24 |    27 ||    58
       Flail             |       |   143 |    95 ||   238
 Cast: Song of Slaying   |     4 |     5 |     1 ||    10
       Infusion          |       |     1 |       ||     1
  Use: Scroll            |     1 |     1 |       ||     2
       Potion            |       |     1 |       ||     1
  Eat: Ration            |     1 |     3 |       ||     4
Armor: Leather armour    |     3 |       |       ||     3
       Ring mail         |    21 |    92 |    22 ||   135
Dodge: Dodged            |    55 |   133 |    32 ||   220

Table legend:
 A = Non-vault XP
 B = Vault XP
 C = Vault XP percentage of total XP
 D = Non-vault monster count
 E = Vault monster count
 F = Vault count percentage of total count
                 A         B        C        D         E       F
            +---------+---------+-------+---------+---------+-------
      Total |     883 |     211 |  19.3 |     101 |      10 |   9.0
            +---------+---------+-------+---------+---------+-------
        D:1 |      20 |       0 |   0.0 |      13 |       0 |   0.0
        D:2 |      69 |       0 |   0.0 |      21 |       0 |   0.0
        D:3 |     254 |       0 |   0.0 |      39 |       0 |   0.0
        D:4 |     162 |     211 |  56.6 |      15 |      10 |  40.0
        D:5 |     378 |       0 |   0.0 |      13 |       0 |   0.0
            +---------+---------+-------+---------+---------+-------
